 Dungeon Crawl Stone Soup version 0.26.0-20-g3ca415f5b8 (webtiles) character file.

Game seed: 5393617174501035264

931 kaeus the Covered (level 7, -2/64 HPs)
             Began as a Minotaur Fighter on Jan 25, 2021.
             Was a Follower of the Shining One.
             Slain by a two-headed ogre
             ... wielding a cursed -3 giant club
              (23 damage)
             ... on level 5 of the Dungeon.
             The game lasted 00:02:45 (3314 turns).

kaeus the Covered (Minotaur Fighter)                Turns: 3314, Time: 00:02:46

Health: -2/64      AC:  9    Str: 23    XL:     7   Next: 86%
Magic:  0/6        EV:  8    Int:  5    God:    the Shining One [*.....]
Gold:   350        SH: 11    Dex:  9    Spells: 6/6 levels left

rFire    . . .     SeeInvis .   a - +0 war axe
rCold    . . .     Faith    .   c - +1 kite shield
rNeg     . . .     Spirit   +   b - +0 scale mail
rPois    +         Reflect  .   (helmet restricted)
rElec    .         Harm     .   (no cloak)
rCorr    .         Rampage  .   m - +0 pair of gloves
Will     +....                  (no boots)
Stlth    +.........             f - amulet of guardian spirit
HPRegen  0.20/turn              w - ring "Toasar" {rPois Will+ Stlth+}
MPRegen  0.10/turn              (no ring)

@: glowing
A: retaliatory headbutt, horns 2
a: Renounce Religion


You were on level 5 of the Dungeon.
You worshipped the Shining One.
The Shining One was aware of your devotion.
You visited 1 branch of the dungeon, and saw 5 of its levels.

You collected 350 gold pieces.

Inventory:

Hand Weapons
 a - a +0 war axe (weapon)
Armour
 b - a +0 scale mail (worn)
 c - a +1 kite shield (worn)
 m - a +0 pair of gloves (worn)
Jewellery
 f - an amulet of guardian spirit (around neck)
 q - an uncursed amulet of regeneration
 w - the ring "Toasar" (left hand) {rPois Will+ Stlth+}
   (You found it on level 4 of the Dungeon)

   [ring of poison resistance]

   It protects you from poison.
   It affects your willpower, your defense against some magical effects.
   It makes you more stealthy.
Wands
 p - a wand of random effects (16)
 t - a wand of iceblast (9)
 A - a wand of flame (11)
Scrolls
 g - a scroll of magic mapping {unknown}
 h - 4 scrolls of remove curse
 i - 3 scrolls of enchant armour
 l - a scroll of identify
 n - a scroll of fog {unknown}
 o - a scroll of immolation {unknown}
 u - a scroll of teleportation {unknown}
 x - a scroll of enchant weapon {unknown}
 y - a scroll of amnesia {unknown}
Potions
 d - a potion of might
 e - 4 potions of curing {unknown}
 j - 2 potions of flight {unknown}
 k - a potion of resistance {unknown}
 r - 2 potions of haste {unknown}
 s - a potion of magic {unknown}
 v - 2 potions of lignification {unknown}
 z - a potion of heal wounds {unknown}


   Skills:
 + Level 6.5 Fighting
 + Level 5.8 Axes
 + Level 6.5 Armour
 + Level 6.4 Shields


You had 6 spell levels left.
You didn't know any spells.
Your spell library contained the following spells:

 Spells                   Type           Power        Failure   Level
 Beastly Appendage        Tmut           0%           98%         1
 Corona                   Hex            0%           98%         1
 Ensorcelled Hibernation  Hex/Ice        0%           99%         2
 Wereblood                Tmut           0%           99%         2
 Confusing Touch          Hex            0%           100%        3
 Dazzling Flash           Conj/Hex       0%           100%        3
 Spider Form              Tmut/Pois      0%           100%        3
 Tukima's Dance           Hex            0%           100%        3
 Ice Form                 Ice/Tmut       0%           100%        4
 Blade Hands              Tmut           0%           100%        5


Dungeon Overview and Level Annotations

Branches:
Dungeon (5/15)
 Temple: D:4-7

Altars:
Ashenzari
Elyvilon
Okawaru
Qazlal
The Shining One

Shops:
D:5 *


Innate Abilities, Weirdness & Mutations

You reflexively headbutt those who attack you in melee.
You have a pair of horns on your head.


Message History

The two-headed ogre is heavily wounded.
You block the two-headed ogre's attack.
The two-headed ogre hits you with a +0 giant club!!
A two-headed ogre is nearby!
You take 23 damage, and have 41/64 hp.
MASSIVE DAMAGE!!
You now have 3/6 mp.
You slash the two-headed ogre!
The two-headed ogre is heavily wounded.
The two-headed ogre barely misses you.
The two-headed ogre hits you with a +0 giant club.
A two-headed ogre is nearby!
You take 1 damage, and have 40/64 hp.
You now have 2/6 mp.
You slash the two-headed ogre!
The two-headed ogre is almost dead.
You block the two-headed ogre's attack. x2
A two-headed ogre is nearby!
You hit the two-headed ogre but do no damage.
The two-headed ogre is almost dead.
The two-headed ogre hits you with a cursed -3 giant club!!
The two-headed ogre hits you with a +0 giant club!!
You die...

##... .$...#
#...≈≈≈....#
#..≈≈≈≈≈...#
#..≈≈♣≈≈...##
#..≈≈≈≈≈..?..
♣..[≈≈≈...♣
♣..O....♣
♣..@..♣
♣♣...♣♣
♣♣.....♣♣ ##
♣♣.......♣♣
.#
♣...≈≈≈...♣
#. .#
♣♣..≈≈≈≈≈..♣♣
#.# .#
♣...≈≈_≈≈...♣
#.# .########
♣♣..≈≈≈≈≈..♣♣
#.# .#......#
♣...≈≈≈...♣
#.######


You could see a two-headed ogre.

Vanquished Creatures
  A sky beast (D:5)
  2 phantoms (D:5)
  A centaur (D:5)
  2 scorpions (D:5)
  2 bullfrog zombies
  A hound (D:5)
  Ijyb (D:3)
  2 orc wizards (D:5)
  6 worker ants
  6 adders
  A shadow imp (D:5)
  A white imp (D:5)
  2 oozes
  An adder zombie (D:5)
  An adder skeleton (D:5)
  2 worms
  3 dart slugs
  5 leopard geckos
  5 orcs (D:5)
  2 ball pythons
  9 giant cockroaches
  9 hobgoblins
  4 jackals
  2 quokkas
  6 bats
  4 frilled lizards
  5 goblins
  A jackal skeleton (D:5)
  4 kobolds
  A leopard gecko skeleton (D:5)
  8 rats
100 creatures vanquished.

Notes
Turn   | Place    | Note
-------+----------+-------------------------------------------
     0 | D:1      | kaeus the Minotaur Fighter began the quest for the Orb.
     0 | D:1      | Reached XP level 1. HP: 19/19 MP: 0/0
   186 | D:1      | Reached XP level 2. HP: 22/27 MP: 1/1
   668 | D:2      | Reached XP level 3. HP: 33/33 MP: 2/2
  1316 | D:3      | Found an iron altar of Okawaru.
  1323 | D:3      | Reached XP level 4. HP: 40/41 MP: 3/3
  1463 | D:3      | Noticed Ijyb
  1473 | D:3      | Killed Ijyb
  1489 | D:3      | Found a glowing golden altar of the Shining One.
  1751 | D:3      | Became a worshipper of the Shining One
  1776 | D:4      | Reached XP level 5. HP: 24/47 MP: 1/4
  2259 | D:4      | Reached skill level 5 in Armour
  2281 | D:4      | Found a broken altar of Ashenzari.
  2284 | D:4      | Got a heavily runed lead ring
  2299 | D:4      | You fall into a shaft and drop 1 floor!
  2299 | D:5      | Entered Level 5 of the Dungeon
  2307 | D:5      | Reached skill level 5 in Fighting
  2307 | D:5      | Identified the ring "Toasar" {rPois Will+ Stlth+} (You
                  | found it on level 4 of the Dungeon)
  2382 | D:5      | Reached skill level 5 in Shields
  2484 | D:5      | Noticed a sky beast
  2492 | D:5      | Killed a sky beast
  2493 | D:5      | Reached XP level 6. HP: 56/56 MP: 5/5
  2596 | D:5      | Found Quer's Lightly-Used Armoury.
  2646 | D:5      | Reached XP level 7. HP: 59/62 MP: 4/6
  2709 | D:5      | Reached skill level 5 in Axes
  2778 | D:5      | Reached * piety under the Shining One
  2843 | D:5      | Found a white marble altar of Elyvilon.
  2867 | D:5      | Found a stormy altar of Qazlal.
  3306 | D:5      | Noticed a two-headed ogre
  3314 | D:5      | Slain by a two-headed ogre

Illustrated notes

Levels and vault maps discovered:
D:1:      erik_arrival_triangle_small, layout_basic
D:2:      layout_basic, minmay_pentomino_o4
D:3:      layout_rooms, old_standard_altar, lemuel_round_altar, uniq_ijyb
D:4:      layout_rooms, nicolae_ashenzari_panopticon, minmay_misc_feat_square
D:5:      layout_rooms, elyvilon_altar_3, basic_altar, minmay_shop_damaged,
          minmay_quadrilaterals

Skill      XL: |  1  2  3  4  5  6  7 |
---------------+----------------------+-----
Armour         | 4 5 6 |  6.5
Fighting       | 4 5 6 |  6.5
Shields        | 4 5 6 |  6.4
Axes           | 3 4 5 |  5.8

Action                   |  1- 3 |  4- 6 |  7- 9 || total
-------------------------+-------+-------+-------++-------
Melee: War axe           |    92 |   121 |    67 ||   280
       Headbutt          |     9 |    20 |    15 ||    44
  Use: Scroll            |       |     3 |       ||     3
Armor: Scale mail        |    40 |    36 |    19 ||    95
Dodge: Dodged            |    23 |    38 |    17 ||    78
Block: Kite shield       |    49 |    60 |    30 ||   139
